 Dungeon Crawl Stone Soup version 0.31-a0-277-g31ea1f65cc (webtiles) character file.

Game seed: 927460726361653653

63 LustLizard the Changeling (level 4, 0/30 HPs)
             Began as an Octopode Shapeshifter on July 15, 2023.
             Slain by an orc wizard
             ... wielding a +0 dagger
              (4 damage)
             ... on level 3 of the Dungeon.
             The game lasted 00:02:39 (1703 turns).

LustLizard the Changeling (Octopode Shapeshifter)   Turns: 1703, Time: 00:02:40

Health: 0/30       AC:  1    Str: 16    XL:     4   Next: 10%
Magic:  4/4        EV: 13    Int: 10    God:
Gold:   80         SH:  0    Dex: 12    Spells: 3/3 levels left

rFire   . .          .
                       - Unarmed
rCold   . . .        (no shield)
rNeg    . . .        (helmet currently unavailable)
rPois   .            (no amulet)
rElec   .            h - ring of resist corrosion
rCorr   +            n - ring of flight
SInv    .            (no ring)
Will    .....        (no ring)
Stlth   ++           (no ring)
HPRegen 0.25/turn    (no ring)
MPRegen 0.09/turn    (no ring)
                     (no ring)

%: no passive effects
@: beast-form, flying
A: beast (slay +2), almost no armour, amphibious, 8 rings, camouflage 1,
gelatinous body 1, (nimble swimmer 1), tentacles
a: Begin Untransformation


You were on level 3 of the Dungeon.
You were a hulking beast.
You visited 1 branch of the dungeon, and saw 3 of its levels.

You collected 80 gold pieces.

Inventory:

Missiles
 j - 3 poisoned darts
Jewellery
 h - a ring of resist corrosion (left tentacle)
 n - a ring of flight (right tentacle)
Talismans
 b - a beast talisman
 c - a serpent talisman
Scrolls
 f - a scroll of identify {unknown}
 k - a scroll of noise {unknown}
 l - a scroll of teleportation
 m - a scroll of amnesia {unknown}
Potions
 a - a potion of lignification
 d - a potion of brilliance {unknown}
 e - a potion of mutation {unknown}
 g - 2 potions of curing {unknown}
 i - a potion of haste {unknown}
 o - a potion of magic {unknown}


   Skills:
 + Level 2.5 Fighting
 - Level 2.0 Dodging
 * Level 3.0 Unarmed Combat
 * Level 3.5 Shapeshifting


You had 3 spell levels left.
You didn't know any spells.
Your spell library contained the following spells:

 Spells                   Type           Power      Damage    Failure   Level
 Apportation              Tloc           0%         N/A       36%         1
 Necrotise                Necr           0%         1d4       36%         1
 Summon Small Mammal      Summ           0%         N/A       36%         1


Dungeon Overview and Level Annotations

Branches:
Dungeon (3/15)

Altars:

Shops:
D:1 (


Innate Abilities, Weirdness & Mutations

You are a hulking beast.
Your limbs bulge with bestial killing power. (Slay +2)
You cannot wear most types of armour.
You are amphibious.
You can wear up to eight rings at the same time.
Your skin changes colour to match your surroundings (Stealth+).
Your rubbery body absorbs attacks. (AC +1, EV +1)
((You are camouflaged when in or above water. (Stealth+)))
You have tentacles for arms and can constrict up to eight enemies at once.


Message History

You tentacle-slap the orc. You squeeze the orc.
You kill the orc!
Things that are here:
a +2 short sword of flaming; an orc corpse An orc wizard is nearby!
You start waiting.
An orc wizard is nearby!
An orc wizard is nearby!
You tentacle-slap the orc wizard but do no damage.
You grab the orc wizard.
You constrict the orc wizard, but do no damage.
The orc wizard casts a spell at you.
You are confused.
You release your grip on the orc wizard.
The orc wizard attacks as you move away!
The orc wizard closely misses you.
The orc wizard gestures at you while chanting.
The magic dart hits you!
You're too confused to move!
The orc wizard gestures wildly while chanting.
The orc wizard flickers and vanishes!
Deactivating autopickup; reactivate with Ctrl-A.
You bump into the rock wall.
You bump into the rock wall.
Something barely misses you.
You bump into the rock wall.
Something hits you.
You feel less confused.
You hear some strange, mumbled words.
A magic dart appears from out of thin air!
The magic dart hits you!
You barely miss something. Your squeeze misses something.
You hear some strange, mumbled words.
A puff of flame appears from out of thin air!
The puff of flame hits you.
You tentacle-slap something. Something hits you.
* * * LOW HITPOINT WARNING * * *
You barely miss something. Something hits you but does no damage.
You closely miss something. Something hits you.
* * * LOW HITPOINT WARNING * * *
You miss something. Your squeeze misses something. Something hits you.
You die...

#..........#
#....#.
#.......†..# #....#
#..........###....#
#.................#
#.................#
###.##.........
#.##.........
#.##.........
#h##......... #####
#.{.####.... #...#
###.# ...
#.#.#####.#
#.#.....#.#
#.#####)#.# #.#
#.#.# #<# #.#.# ###
#...#


There were no monsters in sight!

Vanquished Creatures
  3 adders
  A dart slug (D:3)
  An orc (D:3)
  3 bats
  5 endoplasms
  A giant cockroach (D:1)
  A goblin (D:2)
  2 hobgoblins (D:2)
  2 quokkas (D:2)
  A ball python (D:2)
  3 frilled lizards
  4 kobolds
  5 rats
32 creatures vanquished.

Notes
Turn   | Place    | Note
-------+----------+-------------------------------------------
     0 | D:1      | LustLizard the Octopode Shapeshifter began the quest for
                  | the Orb.
     0 | D:1      | Reached XP level 1. HP: 14/14 MP: 1/1
    19 | D:1      | Found Yssakhlac's Weapon Boutique.
   226 | D:1      | Reached XP level 2. HP: 19/19 MP: 2/2
   332 | D:1      | Found a faded altar of an unknown god.
   862 | D:2      | Reached XP level 3. HP: 25/25 MP: 3/3
  1554 | D:3      | Reached XP level 4. HP: 22/30 MP: 4/4
  1703 | D:3      | Slain by an orc wizard

Illustrated notes

Levels and vault maps discovered:
D:1:      spicycebolla_arrival_xxxplode, layout_basic,
          dreamdust_ecumenical_altar_statues, serial_shops, shop
D:2:      layout_basic, grunt_ministairs_9
D:3:      layout_basic, nicolae_elyvilon_peaceful_grove, kennysheep_cross_room

Skill      XL: |  1  2  3 |
---------------+----------+-----
Unarmed Combat | 3 |  3.0
Fighting       | |  2.5
Dodging        | |  2.0
Shapeshifting  | |  3.5

Action                     |  1- 3 |  4- 6 || total
---------------------------+-------+-------++-------
  Melee: Unarmed           |    47 |     8 ||    55
         Constrict         |    13 |     2 ||    15
         Tentacles         |     9 |     1 ||    10
         Punch             |     3 |       ||     3
    Use: Scroll            |     1 |       ||     1
   Stab: Sleeping          |     5 |       ||     5
 Armour: Skin              |     3 |     1 ||     4
  Dodge: Dodged            |    18 |     3 ||    21

Table legend: (Time is in decaauts)
 A = Elapsed time spent in this place.
 B = Non-inter-level travel time spent in this place.
 C = Inter-level travel time spent in this place.
 D = Time resting spent in this place.
 E = Time spent auto-exploring this place.
 F = Levels seen in this place.
 G = Mean time per level.
                   A        B        C        D        E       F      G
               +--------+--------+--------+--------+--------+-----+--------+
         Total |   1698 |   1643 |     55 |      2 |   1363 |   3 |  566.0 |
       Dungeon |   1698 |   1643 |     55 |      2 |   1363 |   3 |  566.0 |
               +--------+--------+--------+--------+--------+-----+--------+

Top non-repeatable levels by time:
     D:2: 906 daAuts
     D:1: 599 daAuts
     D:3: 193 daAuts
